 Dungeon Crawl Stone Soup version 0.28-a0-863-g8cecda6153 (webtiles) character file.

Game seed: 5346160138471918479

98 bande the Covered (level 4, -3/29 HPs)
             Began as a Gargoyle Fighter on Nov 17, 2021.
             Slain by an adder (4 damage)
             ... on level 3 of the Dungeon.
             The game lasted 00:03:10 (1964 turns).

bande the Covered (Gargoyle Fighter)                Turns: 1964, Time: 00:03:11

Health: -3/29      AC: 10    Str: 20    XL:     4   Next: 71%
Magic:  4/4        EV:  7    Int:  9    God:
Gold:   54         SH:  8    Dex:  9    Spells: 3/3 levels left

rFire   . . .      SeeInvis .   a - +0 war axe
rCold   . . .      Faith    .   g - +0 kite shield "Afiaza" {rN+ Will+ rCorr Stlth+}
rNeg    + + .      Spirit   .   b - +0 scale mail
rPois   ∞          Reflect  .   (no helmet)
rElec   +          Harm     .   (no cloak)
rCorr   +          Rampage  .   (no gloves)
Will    +....                   (no boots)
Stlth   +.........              (no amulet)
HPRegen 0.09/turn               (no ring)
MPRegen 0.09/turn               (no ring)

@: no status effects
A: sickness immunity, AC +3, negative energy resistance 1, electricity
resistance, torment resistance 1, petrification resistance
a: no special abilities


You were on level 3 of the Dungeon.
You visited 1 branch of the dungeon, and saw 3 of its levels.

You collected 54 gold pieces.

Inventory:

Hand Weapons
 a - a +0 war axe (weapon)
Armour
 b - a +0 scale mail (worn)
 g - the +0 kite shield "Afiaza" (worn) {rN+ Will+ rCorr Stlth+}
   (You acquired it on level 1 of the Dungeon)

   rN:        It protects you from negative energy.
   rCorr:     It protects you from acid and corrosion.
   Will:      It increases your willpower.
   Stlth:     It makes you more stealthy.
Scrolls
 h - 2 scrolls of immolation {unknown}
 i - 4 scrolls of identify {unknown}
 j - a scroll of amnesia {unknown}
 m - a scroll of fog {unknown}
Potions
 c - a potion of ambrosia {unknown}
 d - a potion of might
 e - 2 potions of lignification {unknown}
 f - 2 potions of attraction {unknown}
 k - 2 potions of heal wounds {unknown}
 l - 2 potions of curing {unknown}


   Skills:
 + Level 3.8 Fighting
 + Level 2.8 Axes
 + Level 4.1 Armour
 + Level 4.0 Shields


You had 3 spell levels left.
You didn't know any spells.
Your spell library contained the following spells:

 Spells                   Type           Power      Damage    Failure   Level
 Summon Guardian Golem    Hex/Summ       0%         N/A       100%        3
 Orb of Destruction       Conj           0%         N/A       100%        7
 Spellforged Servitor     Conj/Summ      0%         N/A       100%        7


Dungeon Overview and Level Annotations

Branches:
Dungeon (3/15)

Altars:


Innate Abilities, Weirdness & Mutations

You are immune to sickness and miasma.
Your stone body is resilient. (AC +3)
You are immune to poison.
You resist negative energy. (rN+)
You are resistant to electric shocks. (rElec)
You are resistant to unholy torment.
You are immune to petrification.


Message History

You hit the orc.
You kill the orc!
You miss the adder. You closely miss the orc. You hit the orc.
The adder barely misses you. The orc hits you but does no damage. x2
The adder bites you but does no damage. You block the orc's attack.
Unknown command.
Unknown command.
The adder barely misses you. The orc hits you with a +0 club.
The orc hits you with a +0 hand axe. The adder bites you but does no damage.
Things that are here:
a +0 club; 2 silver boomerangs; a +0 leather armour Unknown command.
You block the adder's attack. The orc hits you with a +0 hand axe.
You slash the orc!
You kill the orc!
You hit the orc.
You kill the orc!
You barely miss the adder. The adder bites you but does no damage.
The adder closely misses you. The gnoll hits you with a +0 flail.
The adder bites you. The gnoll hits you with a +0 flail!
* * * LOW HITPOINT WARNING * * *
Items here: ( )) [ †.
Unknown command.
You hit the gnoll.
The gnoll is moderately wounded.
You barely miss the adder. The adder bites you but does no damage.
You block the gnoll's attack. You block the adder's attack.
You block the gnoll's attack.
You closely miss the gnoll.
The gnoll is moderately wounded.
You closely miss the adder. You block the adder's attack.
The adder bites you but does no damage. The gnoll barely misses you.
You hit the gnoll.
The gnoll is severely wounded.
You barely miss the adder. The adder bites you but does no damage.
The gnoll closely misses you. The adder bites you but does no damage.
The gnoll hits you with a +0 flail.
* * * LOW HITPOINT WARNING * * *
The adder bites you.
You die...

##..######.#
.....#.....##
............##
.............#
$............#
.............#
.............#
......g......#
###...)@S...##
#..#)<...## #.
#.##.## # #.
... #. .....
.. ..... ..
..### ..# ##
..


You could see a gnoll and an adder.

Vanquished Creatures
  Jessica (D:2)
  2 adders (D:2)
  A worm (D:2)
  A dart slug (D:2)
  4 orcs (D:3)
  5 ball pythons
  3 endoplasms
  4 giant cockroaches
  4 hobgoblins
  3 quokkas
  5 bats
  2 frilled lizards (D:2)
  5 goblins
  3 kobolds
  A rat (D:1)
44 creatures vanquished.

Vanquished Creatures (others)
  A plant (D:2)
1 creature vanquished.

Grand Total: 45 creatures vanquished

Notes
Turn   | Place    | Note
-------+----------+-------------------------------------------
     0 | D:1      | bande the Gargoyle Fighter began the quest for the Orb.
     0 | D:1      | Reached XP level 1. HP: 14/14 MP: 1/1
   204 | D:1      | Reached XP level 2. HP: 19/19 MP: 2/2
   208 | D:1      | Identified a scroll of acquirement
   208 | D:1      | Acquired the +0 kite shield "Afiaza" {rN+ Will+ rCorr
                  | Stlth+}
   263 | D:1      | Found a faded altar of an unknown god.
   647 | D:2      | Reached XP level 3. HP: 18/24 MP: 3/3
  1187 | D:2      | Noticed Jessica
  1195 | D:2      | Killed Jessica
  1196 | D:2      | Reached XP level 4. HP: 18/29 MP: 4/4
  1964 | D:3      | HP: 1/29 [gnoll (2)]
  1964 | D:3      | Slain by an adder

Illustrated notes

Levels and vault maps discovered:
D:1:      dpeg_arrival_central, layout_rooms,
          shapermc_ecumenical_altar_totnotflames
D:2:      minmay_evil_eye, layout_rooms, serial_bayou_pond_a, grunt_decor_cap,
          kennysheep_jessica_study
D:3:      layout_rooms, gup_sewer_entry_bowl, serial_shops, shop,
          roderic_lattice_a, uniq_robin, uniq_terence, uniq_jessica,
          uniq_sigmund

Skill      XL: |  1  2  3  4 |
---------------+-------------+-----
Axes           | 2 |  2.8
Armour         | 4 |  4.1
Shields        | 4 |  4.0
Fighting       | |  3.8

Action                   |  1- 3 |  4- 6 || total
-------------------------+-------+-------++-------
Melee: War axe           |    97 |    44 ||   141
  Use: Scroll            |     4 |       ||     4
Armor: Scale mail        |    65 |    47 ||   112
Dodge: Dodged            |    37 |    22 ||    59
Block: Buckler           |     2 |       ||     2
       Kite shield       |    49 |    32 ||    81

Table legend: (Time is in decaauts)
 A = Elapsed time spent in this place.
 B = Non-inter-level travel time spent in this place.
 C = Inter-level travel time spent in this place.
 D = Time resting spent in this place.
 E = Time spent auto-exploring this place.
 F = Levels seen in this place.
 G = Mean time per level.
                   A        B        C        D        E       F      G
               +--------+--------+--------+--------+--------+-----+--------+
         Total |   2049 |   2017 |     32 |    386 |   1206 |   3 |  683.0 |
       Dungeon |   2049 |   2017 |     32 |    386 |   1206 |   3 |  683.0 |
               +--------+--------+--------+--------+--------+-----+--------+

Top non-repeatable levels by time:
     D:1: 1043 daAuts
     D:2: 984 daAuts
     D:3: 22 daAuts
